cohdb
Replays
Latest Replays
All Replays
Popular Replays
Top Player Replays
Match Explorer
How It Works
Community
CoH3 Stats
Reddit
Sign in to upload your games and track your stats! →
Sign in with Steam
Match 39958558
Unlisted
Match 39958558
Overview
Messages
Build Orders
End
Pioneer Squad
Construct Infanterie Kompanie
Grenadier Squad
Selects Terror Battlegroup
Selects Machine Gun Camouflage
MG 42 Machine Gun Team
Grenadier Squad
MG 42 Machine Gun Team
Construct Panzergrenadier Kompanie
Pak 40 Anti-tank Gun Team
Medical Station
Panzergrenadier Squad
Panzergrenadier Squad
Construct Panzer Kompanie
Stoßtruppen Squad
Selects No Quarter
Panzer IV Medium Tank
Selects Interrogate
Selects Propaganda Leaflet Drop
Propaganda Leaflet Drop
Propaganda Leaflet Drop
Panzer IV Medium Tank
Stoßtruppen Squad
Stoßtruppen Squad
Selects V1 Rocket Strike
BigTiddyLebron
kreumat
Pepegers
LionMetrix
0
0
Comments
sign in to comment!
No comments posted yet!